 Dungeon Crawl Stone Soup version 0.31-a0-202-g547052bce9 (webtiles) character file.

Game seed: 11337622925961152880

142 qw the Skirmisher (level 5, 0/29 HPs)
             Began as a Deep Elf Hunter on June 26, 2023.
             Slain by a goblin
             ... wielding a +0 club
             ... led by Robin
              (3 damage)
             ... on level 4 of the Dungeon.
             The game lasted 00:00:44 (2382 turns).

qw the Skirmisher (Deep Elf Hunter)                 Turns: 2382, Time: 00:00:45

Health: 0/29       AC:  5    Str: 10    XL:     5   Next: 3%
Magic:  7/7        EV: 11    Int: 14    God:
Gold:   175        SH:  0    Dex: 18    Spells: 4/4 levels left

rFire   . . .        Y - +0 shortbow
rCold   . . .        (shield currently unavailable)
rNeg    . . .        c - +0 ring mail
rPois   .            (no helmet)
rElec   .            (no cloak)
rCorr   .            (no gloves)
SInv    .            (no boots)
Will    .....        (no amulet)
Stlth   +            (no ring)
HPRegen 0.24/turn    (no ring)
MPRegen 0.10/turn

%: no passive effects
@: no status effects
A: no striking features
a: no special abilities


You were on level 4 of the Dungeon.
You visited 1 branch of the dungeon, and saw 4 of its levels.

You collected 175 gold pieces.


   Skills:
 - Level 1.5 Fighting
 + Level 8.4 Ranged Weapons
 - Level 2.4 Dodging
 - Level 1.2 Stealth


You had 4 spell levels left.
You didn't know any spells.
Your spell library was empty.

Inventory:

Hand Weapons
 Y - a +0 shortbow (weapon)
Armour
 c - a +0 ring mail (worn)
Jewellery
 f - a ring of ice
Potions
 a - a potion of curing
 d - a potion of degeneration {unknown}
 e - a potion of attraction {unknown}

Dungeon Overview and Level Annotations

Branches:
Dungeon (4/15)
 Temple: D:4-7

Altars:
Sif Muna

Annotations:
D:4 Robin


Message History

The goblins go into a battle-frenzy!
A goblin comes into view. It is wielding a +0 club.
You shoot an arrow. The arrow hits the hobgoblin.
You kill the hobgoblin!
The goblin hits you with a +0 club. Robin barely misses you.
You shoot an arrow. The arrow hits the goblin.
The goblin is moderately wounded.
The goblin barely misses you. Robin misses you.
A goblin comes into view. It is wielding a +0 dagger.
You shoot an arrow. The arrow hits the goblin.
You kill the goblin!
Robin hits you but does no damage.
You shoot an arrow. The arrow hits the hobgoblin.
You kill the hobgoblin!
Robin roars a battlecry!
The goblins go into a battle-frenzy!
The goblin unwields a +0 club.
The goblin wields a +3 sling of electrocution.
You hear the crackle of electricity.
The goblin shoots a sling bullet.
The sling bullet hits you. Robin closely misses you.
You shoot an arrow. The arrow barely misses the goblin.
The arrow hits Robin.
Robin is heavily wounded.
Robin hits you from afar with a +3 spear.
The goblin hits you with a +0 club.
You shoot an arrow. The arrow hits the goblin.
The goblin is heavily wounded.
Robin flexes a bicep menacingly.
Robin hits you from afar with a +3 spear.
The goblin shoots a sling bullet.
The sling bullet hits you.
You shoot an arrow. The arrow closely misses the goblin.
Robin throws the goblin at you! The goblin hits you with a +0 club.
The goblin unwields a +3 sling of electrocution.
It stops crackling.
The goblin wields a +0 club.
The goblin hits you but does no damage.
You shoot an arrow. The arrow closely misses the goblin.
Robin points. "Kill!"
Robin throws the goblin at you! The goblin hits you but does no damage.
The goblin closely misses you. The goblin hits you with a +0 club.
You die...

#<#.# ..# #.#.# ##.#
#.#.# #.). #.#.#
#..# #.#<#
#..######.#.#
#.g.......#.#
#.###.).#.......#
#....g@).....####
###...gg..##......#
.......#.###########
####.%...# ##....#
#..#.# #..#.# #..#.#
#. #.#


You could see Robin and 3 goblins.

Vanquished Creatures
  2 orc wizards (D:3)
  A gnoll (D:1)
  2 adders
  A worm (D:3)
  2 dart slugs
  4 orcs (D:3)
  A ball python (D:1)
  6 bats
  2 endoplasms
  2 giant cockroaches
  4 goblins
  8 hobgoblins
  4 jackals (D:3)
  A quokka (D:1)
  2 frilled lizards (D:1)
  5 kobolds
  2 rats
49 creatures vanquished.

Notes
Turn   | Place    | Note
-------+----------+-------------------------------------------
     0 | D:1      | qw the Deep Elf Hunter began the quest for the Orb.
     0 | D:1      | Reached XP level 1. HP: 12/12 MP: 3/3
     0 | D:1      | 0 ||| qw: Version: 0.3-a-22-g0ed2b0b
     0 | D:1      | 0 ||| qw: Game counter: 5819
     0 | D:1      | 0 ||| qw: Melee chars always use a shield: true
     0 | D:1      | 0 ||| qw: God list: Okawaru
     0 | D:1      | 0 ||| qw: Allow faded altars: false
     0 | D:1      | 0 ||| qw: Do Orc after clearing Dungeon:15 true
     0 | D:1      | 0 ||| qw: Do second Lair branch before Depths: true
     0 | D:1      | 0 ||| qw: Lair rune preference: random
     0 | D:1      | 0 ||| qw: Goals: Normal
     0 | D:1      | 0 ||| PLANNING D:1-11
   261 | D:1      | Reached XP level 2. HP: 16/16 MP: 4/4
   332 | D:1      | Reached skill level 6 in Ranged Weapons
   732 | D:1      | 732 ||| UPGRADING to +0 scale mail.
   742 | D:1      | 742 ||| DROPPING +0 leather armour.
   743 | D:1      | 743 ||| READING 2 scrolls labelled JUFUIPROP.
   744 | D:1      | 744 ||| DROPPING scroll of vulnerability.
   745 | D:1      | 745 ||| DROPPING scroll of butterflies.
   777 | D:2      | 777 ||| STAIRDANCE
   819 | D:2      | Reached XP level 3. HP: 20/20 MP: 5/5
  1450 | D:2      | Reached skill level 7 in Ranged Weapons
  1502 | D:2      | 1502 ||| UPGRADING to +0 ring mail.
  1512 | D:2      | 1512 ||| DROPPING +0 scale mail.
  1513 | D:2      | 1513 ||| DROPPING ring of flight.
  1514 | D:2      | 1514 ||| READING scroll labelled TEICIR UGOMIQ.
  1515 | D:2      | 1515 ||| READING scroll labelled ZUICHY NUNIURE.
  1767 | D:3      | Reached XP level 4. HP: 25/25 MP: 6/6
  2237 | D:3      | Found a shimmering blue altar of Sif Muna.
  2242 | D:3      | 2242 ||| DRINKING 2 sapphire potions.
  2253 | D:3      | Reached skill level 8 in Ranged Weapons
  2367 | D:4      | Noticed Robin
  2371 | D:4      | Reached XP level 5. HP: 29/29 MP: 7/7
  2380 | D:4      | HP: 6/29 [goblin/sling bullet[Robin] (2)]
  2382 | D:4      | Slain by a goblin

Levels and vault maps discovered:
D:1:      ebering_hopf_link, layout_basic
D:2:      layout_loops_corners
D:3:      layout_loops_ring, kennysheep_orc_sif_temple
D:4:      layout_basic, uniq_robin

Skill      XL: |  1  2  3  4 |
---------------+-------------+-----
Ranged Weapons | 6 7 8 |  8.4
Fighting       | |  1.5
Dodging        | |  2.4
Stealth        | |  1.2

Action                     |  1- 3 |  4- 6 || total
---------------------------+-------+-------++-------
   Fire: Shortbow          |    85 |    70 ||   155
    Use: Scroll            |     3 |       ||     3
         Potion            |       |     1 ||     1
 Armour: Leather armour    |     2 |       ||     2
         Scale mail        |     2 |       ||     2
         Ring mail         |       |    23 ||    23
  Dodge: Dodged            |    17 |    24 ||    41

Table legend:
 A = Non-vault XP
 B = Vault XP
 C = Vault XP percentage of total XP
 D = Non-vault monster count
 E = Vault monster count
 F = Vault count percentage of total count
                 A         B        C        D         E       F
            +---------+---------+-------+---------+---------+-------
      Total |     115 |      88 |  43.3 |      39 |      10 |  20.4
            +---------+---------+-------+---------+---------+-------
        D:1 |      39 |       0 |   0.0 |      15 |       0 |   0.0
        D:2 |      28 |       0 |   0.0 |       8 |       0 |   0.0
        D:3 |      46 |      74 |  61.7 |      15 |       3 |  16.7
        D:4 |       2 |      14 |  87.5 |       1 |       7 |  87.5
            +---------+---------+-------+---------+---------+-------
